| TOP OF THE 1ST |
|
Portland Beavers batting - Pitching for San Jose Missions : RHP Tim Hamm
|
|
Pitching: RHP Tim Hamm
|
|
|
Batting: SHB Wally Backman
|
0-0: Ground out 5-3 (Groundball, 5S, EV 84.4 MPH)
|
|
Batting: RHB Mark Wasinger
|
0-0: Called Strike 0-1: Foul Ball, location: 2F 0-2: Ball 1-2: Ball 2-2: Foul Ball, location: 2F 2-2: Ball 3-2: Strikes out swinging
|
|
Batting: LHB Harold Baines
|
0-0: Ground out 4-3 (Groundball, 4, EV 79.4 MPH)
|
| Top of the 1st over - 0 runs, 0 hits, 0 errors, 0 left on base; Portland 0 - San Jose 0 |
| BOTTOM OF THE 1ST |
|
San Jose Missions batting - Pitching for Portland Beavers : RHP Kevin Gross
|
|
Pitching: RHP Kevin Gross
|
|
|
Batting: SHB Curt Bryan
|
0-0: Foul Ball, location: 2F 0-1: Ball 1-1: Foul Ball, location: 2F 1-2: Ball 2-2: Foul Ball, location: 2F 2-2: Fly out, F8 (Flyball, 8RD, EV 73.1 MPH)
|
|
Batting: RHB Vance Law
|
0-0: Ball 1-0: Called Strike 1-1: Foul Ball, location: 2F 1-2: Foul Ball, location: 2F 1-2: Foul Ball, location: 2F 1-2: Fly out, F8 (Flyball, 8LD, EV 95.6 MPH)
|
|
Batting: SHB Bip Roberts
|
0-0: Called Strike 0-1: Foul Ball, location: 2F 0-2: Ball 1-2: Ball 2-2: Ball 3-2: Base on Balls
|
|
Batting: LHB Marvell Wynne
|
0-0: Ball 1-0: Ball 2-0: Fly out, F9 (Flyball, 89S, EV 90.6 MPH)
|
| Bottom of the 1st over - 0 runs, 0 hits, 0 errors, 1 left on base; Portland 0 - San Jose 0 |
| TOP OF THE 2ND |
|
Portland Beavers batting - Pitching for San Jose Missions : RHP Tim Hamm
|
|
Batting: LHB Andre David
|
0-0: Called Strike 0-1: Ball 1-1: Ground out U3 (Groundball, 3L, EV 101.3 MPH)
|
|
Batting: RHB Fred Manrique
|
0-0: Called Strike 0-1: Called Strike 0-2: Ball 1-2: Fly out, F5 (Line Drive, 5, EV 65.6 MPH)
|
|
Batting: RHB Robert Ferris
|
0-0: Ball 1-0: Ball 2-0: Ball 3-0: Called Strike 3-1: SOLO HOME RUN (Line Drive, 89XD, EV 107.5 MPH), Distance : 419 ft
|
|
Batting: RHB Pepe Mangual
|
0-0: Ball 1-0: Ball 2-0: Ground out 4-3 (Groundball, 4MD, EV 85.6 MPH)
|
| Top of the 2nd over - 1 run, 1 hit, 0 errors, 0 left on base; Portland 1 - San Jose 0 |
| BOTTOM OF THE 2ND |
|
San Jose Missions batting - Pitching for Portland Beavers : RHP Kevin Gross
|
|
Batting: RHB Ozzie Virgil
|
0-0: Foul Ball, location: 2F 0-1: Ball 1-1: Called Strike 1-2: Ball 2-2: SOLO HOME RUN (Flyball, 78XD, EV 87.5 MPH), Distance : 394 ft
|
|
Batting: SHB David Piller
|
0-0: Ball 1-0: Ground out U3 (Groundball, 3L, EV 80.0 MPH)
|
|
Batting: LHB Steven Michael
|
0-0: Ball 1-0: Foul Ball, location: 2F 1-1: Ball 2-1: Ball 3-1: SINGLE (Groundball, 6MD, EV 100.6 MPH)
|
|
Batting: LHB Glen Franklin
|
0-0: Called Strike 0-1: Ball 1-1: Fielders Choice at 2nd, 6-4 (Groundball, 6, EV 85.6 MPH)
|
|
Batting: LHB Jesus Valerio
|
0-0: Ball Glen Franklin is caught stealing 2nd base 2-6
|
| Bottom of the 2nd over - 1 run, 2 hits, 0 errors, 0 left on base; Portland 1 - San Jose 1 |
| TOP OF THE 3RD |
|
Portland Beavers batting - Pitching for San Jose Missions : RHP Tim Hamm
|
|
Batting: RHB Dave Huppert
|
0-0: Ball 1-0: Called Strike 1-1: Ball 2-1: Ball 3-1: Base on Balls
|
|
Batting: LHB Pat Sheridan
|
0-0: Ball 1-0: Fielders Choice at 2nd, 4-6 (Groundball, 4, EV 86.9 MPH)
|
|
Batting: SHB Wally Backman
|
0-0: Ball 1-0: Foul Ball, location: 2F 1-1: Ball Pat Sheridan is caught stealing 2nd base 2-6 2-1: Ball 3-1: Ground out 4-3 (Groundball, 4, EV 89.4 MPH)
|
| Top of the 3rd over - 0 runs, 0 hits, 0 errors, 0 left on base; Portland 1 - San Jose 1 |
| BOTTOM OF THE 3RD |
|
San Jose Missions batting - Pitching for Portland Beavers : RHP Kevin Gross
|
|
Batting: LHB Jesus Valerio
|
0-0: Called Strike 0-1: Ball 1-1: Swinging Strike 1-2: Foul Ball, location: 2F 1-2: Ball 2-2: Foul Ball, location: 2F 2-2: Ground out 5-3 (Groundball, 56, EV 84.4 MPH)
|
|
Batting: SHB Curt Bryan
|
0-0: Called Strike 0-1: Swinging Strike 0-2: Fly out, F8 (Flyball, 89M, EV 76.3 MPH)
|
|
Batting: RHB Vance Law
|
0-0: Called Strike 0-1: Foul Ball, location: 2F 0-2: Fly out, F8 (Flyball, 8RD, EV 99.4 MPH)
|
| Bottom of the 3rd over - 0 runs, 0 hits, 0 errors, 0 left on base; Portland 1 - San Jose 1 |
| TOP OF THE 4TH |
|
Portland Beavers batting - Pitching for San Jose Missions : RHP Tim Hamm
|
|
Batting: RHB Mark Wasinger
|
0-0: Ball 1-0: Ball 2-0: Ball 3-0: Base on Balls
|
|
Batting: LHB Harold Baines
|
0-0: Ball 1-0: Ball 2-0: Called Strike 2-1: Ball 3-1: Foul Ball, location: 2F 3-2: Base on Balls Mark Wasinger to second
|
|
Batting: LHB Andre David
|
0-0: Ball 1-0: Swinging Strike 1-1: 3-RUN HOME RUN (Flyball, 9LD, EV 111.3 MPH), Distance : 366 ft
|
|
Batting: RHB Fred Manrique
|
0-0: Ball 1-0: Ball 2-0: Ball 3-0: Foul Ball, location: 2F 3-1: Swinging Strike 3-2: SINGLE (Groundball, 56D, EV 110.0 MPH)
|
|
Batting: RHB Robert Ferris
|
0-0: Called Strike Fred Manrique is caught stealing 2nd base 2-4 0-1: Swinging Strike 0-2: Ball 1-2: Ball 2-2: Ball 3-2: Base on Balls
|
|
Batting: RHB Pepe Mangual
|
0-0: Foul Ball, location: 2F 0-1: Swinging Strike 0-2: Strikes out looking
|
|
Batting: RHB Dave Huppert
|
0-0: Foul Ball, location: 2F 0-1: Foul Ball, location: 2F 0-2: Fly out, F8 (Flyball, 8RD, EV 88.1 MPH)
|
| Top of the 4th over - 3 runs, 2 hits, 0 errors, 1 left on base; Portland 4 - San Jose 1 |
| BOTTOM OF THE 4TH |
|
San Jose Missions batting - Pitching for Portland Beavers : RHP Kevin Gross
|
|
Batting: SHB Bip Roberts
|
0-0: Called Strike 0-1: Swinging Strike 0-2: Ground out 6-3 (Groundball, 6, EV 82.5 MPH)
|
|
Batting: LHB Marvell Wynne
|
0-0: Ball 1-0: Ball 2-0: Foul Ball, location: 2F 2-1: Ball 3-1: Base on Balls
|
|
Batting: RHB Ozzie Virgil
|
0-0: Ball 1-0: SINGLE (Line Drive, 6D, EV 106.3 MPH) Marvell Wynne to second
|
|
Batting: SHB David Piller
|
0-0: Ball 1-0: Swinging Strike 1-1: Ball 2-1: Foul Ball, location: 2F 2-2: Fly out, F9 (Flyball, 89S, EV 82.5 MPH)
|
|
Batting: LHB Steven Michael
|
0-0: Called Strike 0-1: Ball 1-1: Ball 2-1: Ball 3-1: Foul Ball, location: 2F 3-2: Base on Balls Marvell Wynne to third Ozzie Virgil to second
|
|
Batting: LHB Glen Franklin
|
0-0: Called Strike 0-1: Ball 1-1: Ball 2-1: Ball 3-1: Foul Ball, location: 2F 3-2: Base on Balls Marvell Wynne scores Ozzie Virgil to third Steven Michael to second
|
|
Batting: LHB Jesus Valerio
|
0-0: Called Strike 0-1: Called Strike 0-2: Ball 1-2: Strikes out looking
|
| Bottom of the 4th over - 1 run, 1 hit, 0 errors, 3 left on base; Portland 4 - San Jose 2 |
| TOP OF THE 5TH |
|
Portland Beavers batting - Pitching for San Jose Missions : RHP Tim Hamm
|
|
Batting: LHB Pat Sheridan
|
0-0: Ball 1-0: Ball 2-0: Called Strike 2-1: Ball 3-1: Foul Ball, location: 2F 3-2: Strikes out swinging
|
|
Batting: SHB Wally Backman
|
0-0: Ball 1-0: Foul Ball, location: 2F 1-1: Ground out 6-3 (Groundball, 6, EV 82.5 MPH)
|
|
Batting: RHB Mark Wasinger
|
0-0: Called Strike 0-1: Ball 1-1: Ball 2-1: Foul Ball, location: 2F 2-2: Ball 3-2: Foul Ball, location: 2F 3-2: Strikes out looking
|
| Top of the 5th over - 0 runs, 0 hits, 0 errors, 0 left on base; Portland 4 - San Jose 2 |
| BOTTOM OF THE 5TH |
|
San Jose Missions batting - Pitching for Portland Beavers : RHP Kevin Gross
|
|
Batting: SHB Curt Bryan
|
0-0: Ball 1-0: Ball 2-0: SOLO HOME RUN (Flyball, 9D, EV 92.5 MPH), Distance : 365 ft
|
|
Batting: RHB Vance Law
|
0-0: Ball 1-0: Fly out, F9 (Line Drive, 9, EV 97.5 MPH)
|
|
Batting: SHB Bip Roberts
|
0-0: Foul Ball, location: 2F 0-1: Ball 1-1: Swinging Strike 1-2: Foul Ball, location: 2F 1-2: Ball 2-2: Ball 3-2: Base on Balls
|
|
Batting: LHB Marvell Wynne
|
0-0: Ball Bip Roberts is caught stealing 2nd base 2-6 1-0: Ball 2-0: SINGLE (Groundball, 3D, EV 103.1 MPH)
|
|
Batting: RHB Ozzie Virgil
|
0-0: Ball 1-0: Called Strike 1-1: Ball 2-1: Ball 3-1: Base on Balls Marvell Wynne to second
|
|
Batting: SHB David Piller
|
0-0: Ball 1-0: Called Strike 1-1: Called Strike 1-2: Ball 2-2: Foul Ball, location: 2F 2-2: Ball 3-2: Foul Ball, location: 2F 3-2: Fly out, F9 (Line Drive, 9D, EV 98.8 MPH)
|
| Bottom of the 5th over - 1 run, 2 hits, 0 errors, 2 left on base; Portland 4 - San Jose 3 |
| TOP OF THE 6TH |
|
Portland Beavers batting - Pitching for San Jose Missions : RHP Tim Hamm
|
|
Batting: LHB Harold Baines
|
0-0: DOUBLE (Line Drive, 7LD, EV 106.9 MPH)
|
|
Batting: LHB Andre David
|
0-0: Intentional Walk
|
|
Batting: RHB Fred Manrique
|
0-0: Called Strike 0-1: Ball 1-1: Grounds into double play, 1-4-3 (Groundball, 15S, EV 66.9 MPH) Harold Baines to third
|
|
Batting: RHB Robert Ferris
|
0-0: Swinging Strike 0-1: Ball 1-1: Ball 2-1: Foul Ball, location: 2F 2-2: Strikes out swinging
|
| Top of the 6th over - 0 runs, 1 hit, 0 errors, 1 left on base; Portland 4 - San Jose 3 |
| BOTTOM OF THE 6TH |
|
San Jose Missions batting - Pitching for Portland Beavers : RHP Kevin Gross
|
|
Batting: LHB Steven Michael
|
0-0: Ball 1-0: Ball 2-0: Called Strike 2-1: Ball 3-1: Called Strike 3-2: Strikes out swinging
|
|
Batting: LHB Glen Franklin
|
0-0: Called Strike 0-1: Ball 1-1: Ball 2-1: Ball 3-1: Base on Balls
|
|
Pitching: LHP Don Carman
|
|
|
Batting: LHB Jesus Valerio
|
0-0: Ball Glen Franklin is caught stealing 2nd base 2-6 1-0: Swinging Strike 1-1: Foul Ball, location: 2F 1-2: Ball 2-2: Strikes out swinging
|
| Bottom of the 6th over - 0 runs, 0 hits, 0 errors, 0 left on base; Portland 4 - San Jose 3 |
| TOP OF THE 7TH |
|
Portland Beavers batting - Pitching for San Jose Missions : RHP Tim Hamm
|
|
Batting: RHB Pepe Mangual
|
0-0: Ball 1-0: Ball 2-0: Ground out 5-3 (Groundball, 5L, EV 86.9 MPH)
|
|
Batting: RHB Dave Huppert
|
0-0: Ball 1-0: Ground out 4-3 (Groundball, 4, EV 105.6 MPH)
|
|
Batting: LHB Pat Sheridan
|
0-0: Foul Ball, location: 2F 0-1: Ball 1-1: Ball 2-1: Swinging Strike 2-2: Fly out, F6 (Popup, 4MS, EV 67.5 MPH)
|
| Top of the 7th over - 0 runs, 0 hits, 0 errors, 0 left on base; Portland 4 - San Jose 3 |
| BOTTOM OF THE 7TH |
|
San Jose Missions batting - Pitching for Portland Beavers : LHP Don Carman
|
|
Batting: SHB Curt Bryan
|
0-0: Called Strike 0-1: Called Strike 0-2: Foul Ball, location: 2F 0-2: Ball 1-2: Ball 2-2: Foul Ball, location: 2F 2-2: Strikes out swinging
|
|
Batting: RHB Vance Law
|
0-0: Ball 1-0: Foul Ball, location: 2F 1-1: Ball 2-1: Foul Ball, location: 2F 2-2: Strikes out swinging
|
|
Batting: SHB Bip Roberts
|
0-0: Ball 1-0: Swinging Strike 1-1: Fly out, F6 (Popup, P, EV 86.9 MPH)
|
| Bottom of the 7th over - 0 runs, 0 hits, 0 errors, 0 left on base; Portland 4 - San Jose 3 |
| TOP OF THE 8TH |
|
Portland Beavers batting - Pitching for San Jose Missions : RHP Tim Hamm
|
|
Batting: SHB Wally Backman
|
0-0: Called Strike 0-1: Foul Ball, location: 2F 0-2: Strikes out swinging
|
|
Batting: RHB Mark Wasinger
|
0-0: Ball 1-0: Ball 2-0: Ball 3-0: Called Strike 3-1: Called Strike 3-2: Foul Ball, location: 2F 3-2: Base on Balls
|
|
Pitching: RHP Kenneth Palmer
|
|
|
Batting: LHB Harold Baines
|
0-0: Called Strike 0-1: Foul Ball, location: 2F 0-2: Ball 1-2: Grounds into double play, 4-6-3 (Groundball, 4, EV 85.6 MPH)
|
| Top of the 8th over - 0 runs, 0 hits, 0 errors, 0 left on base; Portland 4 - San Jose 3 |
| BOTTOM OF THE 8TH |
|
San Jose Missions batting - Pitching for Portland Beavers : LHP Don Carman
|
|
Batting: LHB Marvell Wynne
|
0-0: Called Strike 0-1: Called Strike 0-2: Strikes out looking
|
|
Batting: RHB Ozzie Virgil
|
0-0: Foul Ball, location: 2F 0-1: Swinging Strike 0-2: Ball 1-2: Strikes out looking
|
|
Batting: SHB David Piller
|
0-0: Ground out 6-3 (Groundball, P, EV 75.6 MPH)
|
| Bottom of the 8th over - 0 runs, 0 hits, 0 errors, 0 left on base; Portland 4 - San Jose 3 |
| TOP OF THE 9TH |
|
Portland Beavers batting - Pitching for San Jose Missions : RHP Kenneth Palmer
|
|
Batting: LHB Andre David
|
0-0: Ball 1-0: SINGLE (Groundball, 25, EV 66.3 MPH) (infield hit)
|
|
Batting: RHB Fred Manrique
|
0-0: Ball Andre David is caught stealing 2nd base 2-4 1-0: Called Strike 1-1: Ball 2-1: Foul Ball, location: 2F 2-2: Ball 3-2: Ground out 1-3 (Groundball, 13S, EV 67.5 MPH)
|
|
Batting: RHB Robert Ferris
|
0-0: Foul Ball, location: 2F 0-1: Ball 1-1: Foul Ball, location: 2F 1-2: Ball 2-2: Ball 3-2: Fly out, F3 (Line Drive, 3, EV 71.9 MPH)
|
| Top of the 9th over - 0 runs, 1 hit, 0 errors, 0 left on base; Portland 4 - San Jose 3 |
| BOTTOM OF THE 9TH |
|
San Jose Missions batting - Pitching for Portland Beavers : LHP Don Carman
|
|
Pitching: RHP Luis Leal
|
|
|
Batting: LHB Steven Michael
|
0-0: Ball 1-0: Ball 2-0: Ball 3-0: Called Strike 3-1: Base on Balls
|
|
Batting: LHB Glen Franklin
|
0-0: Bunt missed! 0-1: Ball 1-1: Ball 2-1: Bunted foul 2-2: Ball 3-2: Foul Ball, location: 2F 3-2: Strikes out swinging
|
|
Batting: LHB Jesus Valerio
|
0-0: Fly out, F6 (Popup, 6MD, EV 50.0 MPH)
|
|
Batting: SHB Curt Bryan
|
0-0: Called Strike 0-1: Called Strike 0-2: Ball 1-2: Foul Ball, location: 2F 1-2: Foul Ball, location: 2F 1-2: Ball 2-2: Ground out 1-3 (Groundball, 13, EV 71.9 MPH)
|
| Bottom of the 9th over - 0 runs, 0 hits, 0 errors, 1 left on base; Portland 4 - San Jose 3 |
|